 Dungeon Crawl Stone Soup version 0.16-a0-2145-g6af420d (webtiles) character file.

157 smajdalf the Ruffian (level 5, -9/41 HPs)
             Began as a Ghoul Warper on Nov 13, 2014.
             Mangled by a sixfirhy (10 damage)
             ... on level 1 of the Abyss.
             The game lasted 00:11:35 (6788 turns).

smajdalf the Ruffian (Ghoul Warper)                 Turns: 6788, Time: 00:11:35

Health: -9/41      AC:  5    Str: 15    XL:     5   Next: 38%
Magic:  6/6        EV:  9    Int:  9    God:
Gold:   198        SH:  0    Dex:  8    Spells: 3 memorised, 2 levels left

rFire  . . .     SeeInvis .       - Unarmed
rCold  + . .     Clarity  .     b - +0 ring mail
rNeg   + + +     SustAb   .     (no shield)
rPois  +         Gourm    .     (no helmet)
rElec  .         Spirit   .     (no cloak)
rCorr  .         Warding  .     (no gloves)
rMut   .         Stasis   .     (no boots)
MR     .....                    (no amulet)
Stlth  ..........               (no ring)
                                (no ring)

@: rotting, not resistant to hostile enchantments, extremely unstealthy
A: rotting body, claws 1, carnivore 3, cold resistance 1, negative energy
resistance 3, poison resistance, slow healing 1, torment resistance, unbreathing
a: no special abilities


You were on level 1 of the Abyss.
You were not hungry.

You visited 1 branch of the dungeon, and saw 4 of its levels.
You visited the Abyss 1 time.

You collected 198 gold pieces.

Inventory:

Missiles
 e - 5 tomahawks of dispersal (quivered)
Armour
 b - a +0 ring mail (worn)
Magical devices
 z - a wand of slowing (15)
Scrolls
 d - a scroll of blinking
 f - 3 scrolls of remove curse {unknown}
 h - 3 scrolls of identify {unknown}
 i - a scroll of noise {unknown}
 l - a scroll of enchant armour {unknown}
 v - a scroll of teleportation {unknown}
 y - a scroll of recharging {unknown}
Potions
 a - a potion of cancellation {unknown}
 g - a potion of mutation {unknown}
 j - a potion of brilliance {unknown}
 k - a potion of haste {unknown}
 m - 2 potions of curing {unknown}
 o - 2 potions of heal wounds {unknown}
 p - a potion of degeneration {unknown}
 q - a potion of cure mutation {unknown}
 r - a potion of restore abilities {unknown}
 t - a potion of berserk rage {unknown}
 u - a potion of magic {unknown}
 w - a potion of lignification {unknown}
Books
 c - a book of Spatial Translocations

   Spells                             Type                      Level
   *Apportation                       Translocation                1
   *Blink                             Translocation                2
   *Shroud of Golubria                Charms/Translocation         2
   Portal Projectile                  Translocation                3
   Teleport Other                     Translocation                3
   Passage of Golubria                Translocation                4
 s - a book of Wizardry

   Spells                             Type                      Level
   Agony                              Necromancy                   5
   Force Lance                        Conjuration                  5
   Dispersal                          Translocation                6
   Haste                              Charms                       6
   Invisibility                       Hexes                        6
   Spellforged Servitor               Conjuration/Summoning        7
Comestibles
 n - a meat ration


   Skills:
 - Level 2.1 Fighting
 - Level 0.8 Throwing
 - Level 0.8 Armour
 - Level 1.7 Dodging
 + Level 5.9 Unarmed Combat
 - Level 1.7 Spellcasting
 - Level 2.6 Translocations


You had 2 spell levels left.
You knew the following spells:

 Your Spells              Type           Power        Failure   Level  Hunger
a - Apportation           Tloc           #.........   14%         1    ##.....
b - Blink                 Tloc           N/A          21%         2    ###....
c - Shroud of Golubria    Chrm/Tloc      #.........   38%         2    ###....


Dungeon Overview and Level Annotations

Branches:
Dungeon (4/15)
 Temple: D:4-7

Altars:
Fedhas
Makhleb
Vehumet

Shops:
D:4 :

Annotations:
D:3 Edmund
D:4 shop: books, Dowan, Duvessa


Innate Abilities, Weirdness & Mutations

Your body is rotting away.
You thrive on raw meat.
You have sharp fingernails.
You are carnivorous and can eat meat at any time.
Your flesh is cold resistant.
You are immune to negative energy.
Your system is resistant to poisons.
You heal slowly when monsters are visible.
You are immune to unholy pain and torment.
You can survive without breathing.


Message History

The spatial vortex moves out of view.
A spatial vortex, a white imp and a sixfirhy come into view.
The white imp shouts!
The white imp grinds its teeth.
The white imp gestures at you. The puff of frost hits you! You resist.
A spatial maelstrom comes into view.
The sixfirhy hits you. The sixfirhy shocks you!
A spatial vortex comes into view.
The sixfirhy hits you!
* * * LOW HITPOINT WARNING * * *
The sixfirhy shocks you!
* * * LOW HITPOINT WARNING * * *
The sixfirhy completely misses you.
Unknown command.
Cast which spell? (? or * to list)
You don't know that spell.
Unknown command.
The sixfirhy hits you!
You die...

# . ..#. . # #.#
##... . # ....###.
..##.#. .
###.#...##.#..5.#.
...#.............#.
......#..##.##.#...
. #.........#.#.v##.
.....#.4#.#...[#...v
. #.@##.4#........
##.### ...vvv♣♣ ..#
##.###..v.# ....
#..# # .#### #### .#
##


You could see a sixfirhy.

Vanquished Creatures
  A hound (D:3)
  An orc wizard (D:3)
  3 adders
  5 giant geckos
  An orc (D:3)
  A ball python (D:3)
  11 bats
  3 giant cockroaches
  9 goblins
  4 hobgoblins
  9 kobolds
  3 quokkas
  5 giant newts
  17 rats
73 creatures vanquished.

Notes
Turn   | Place    | Note
--------------------------------------------------------------
     0 | D:1      | smajdalf, the Ghoul Warper, began the quest for the Orb.
     0 | D:1      | Reached XP level 1. HP: 17/17 MP: 2/2
   212 | D:1      | Reached XP level 2. HP: 18/24 MP: 3/3
   271 | D:1      | Reached skill level 3 in Unarmed Combat
  1448 | D:2      | Found a blossoming altar of Fedhas.
  1882 | D:2      | Reached XP level 3. HP: 29/29 MP: 5/5
  2181 | D:2      | Found a burning altar of Makhleb.
  2181 | D:2      | Found a radiant altar of Vehumet.
  2308 | D:2      | Reached skill level 4 in Unarmed Combat
  2749 | D:2      | Found a blossoming altar of Fedhas.
  3415 | D:2      | Found a radiant altar of Vehumet.
  3415 | D:2      | Found a burning altar of Makhleb.
  3601 | D:2      | Found a blossoming altar of Fedhas.
  4060 | D:2      | Found a radiant altar of Vehumet.
  4060 | D:2      | Found a burning altar of Makhleb.
  4522 | D:3      | Learned a level 2 spell: Blink
  4525 | D:3      | Learned a level 2 spell: Shroud of Golubria
  4647 | D:3      | Reached XP level 4. HP: 36/36 MP: 5/5
  5390 | D:3      | Reached skill level 5 in Unarmed Combat
  5769 | D:3      | Reached XP level 5. HP: 25/41 MP: 6/6
  6411 | D:4      | Found Byfotamy's Book Shop.
  6479 | D:4      | Noticed Edmund
  6491 | D:4      | Noticed Duvessa
  6501 | D:4      | Noticed Dowan
  6603 | D:4      | Noticed an ogre
  6625 | D:3      | Cast into the Abyss (Edmund)
  6625 | Abyss:1  | Found a corrupted altar of Lugonu.
  6781 | Abyss:1  | Noticed a spatial vortex
  6781 | Abyss:1  | Noticed a spatial vortex
  6782 | Abyss:1  | Noticed a sixfirhy
  6782 | Abyss:1  | Noticed a spatial vortex
  6784 | Abyss:1  | Noticed a spatial maelstrom
  6787 | Abyss:1  | Noticed a spatial vortex
  6787 | Abyss:1  | HP: 1/41 [sixfirhy (9)]
  6788 | Abyss:1  | Mangled by a sixfirhy

Action                   |  1- 3 |  4- 6 || total
-------------------------+-------+-------++-------
Melee: Unarmed           |   158 |   118 ||   276
  Eat: Chunk             |    21 |     9 ||    30
